 Dungeon Crawl Stone Soup version 0.22-a0-147-gfdd7f25 (webtiles) character file.

166 KristoblXynda the Slasher (level 5, -12/41 HPs)
             Began as a Draconian Gladiator on Feb 6, 2018.
             Mangled by an orc
             ... wielding a +0 short sword of electrocution
              (20 damage)
             ... on level 3 of the Dungeon.
             The game lasted 00:03:40 (1490 turns).

KristoblXynda the Slasher (Draconian Gladiator)     Turns: 1490, Time: 00:03:40

Health: -12/41     AC:  5    Str: 17    XL:     5   Next: 22%
Magic:  5/5        EV: 13    Int:  9    God:
Gold:   53         SH:  0    Dex: 12    Spells: 4/4 levels left

rFire    . . .     SeeInvis .   a - +0 long sword
rCold    . . .     Gourm    .   (no shield)
rNeg     . . .     Faith    .   (armour unavailable)
rPois    .         Spirit   .   b - +0 hat
rElec    .         Reflect  .   (no cloak)
rCorr    .         Harm     .   (no gloves)
MR       .....                  (no boots)
Stlth    +.........             (no amulet)
HPRegen  0.13/turn              (no ring)
MPRegen  0.09/turn              (no ring)

@: lethally poisoned (-12 -> -14)
A: unfitting armour, cold-blooded, AC +5
a: no special abilities


You were on level 3 of the Dungeon.
You were not hungry.

You visited 1 branch of the dungeon, and saw 3 of its levels.

You collected 53 gold pieces.

Inventory:

Hand Weapons
 a - a +0 long sword (weapon)
Missiles
 c - 3 throwing nets (quivered)
Armour
 b - a +0 hat (worn)
Scrolls
 e - 2 scrolls of teleportation {unknown}
 f - 2 scrolls of noise {unknown}
 g - 2 scrolls of immolation {unknown}
 j - a scroll of remove curse {unknown}
 k - 3 scrolls of identify {unknown}
Potions
 h - 3 potions of heal wounds {unknown}
 i - 2 potions of curing {unknown}
 l - a potion of brilliance {unknown}
Comestibles
 d - 4 rations


   Skills:
 - Level 2.1 Fighting
 * Level 5.0 Long Blades
 - Level 2.0 Throwing
 + Level 3.7 Dodging


You had 4 spell levels left.
You didn't know any spells.

Dungeon Overview and Level Annotations

Branches:
Dungeon (3/15)

Altars:
Dithmenos


Innate Abilities, Weirdness & Mutations

Your plain brown scales are hard. (AC +5)
You cannot fit into any form of body armour.
You are cold-blooded and may be slowed by cold attacks.


Message History

The adder is moderately wounded.
You feel sick. The adder bites you. The adder closely misses you.
You slash the adder!
You kill the adder!
You slash the goblin!
You kill the goblin!
A kobold comes into view. It is wielding a whip.
You feel sick.
The kobold shouts!
You hear a shout!
The orc hits you with a short sword of electrocution.
You are electrocuted!
* * * LOW HITPOINT WARNING * * *
The kobold moves out of view.
You hear a shout! x4
Things that are here:
a mace; an orc corpse You closely miss the orc.
You hear a shout!
The orc hits you but does no damage.
You are electrocuted!
You die...

###.... ##### . .#### #
.. ..#.. # ..(
...########## # ...< ##
#..#........# # .....#o
..#........# #
......o###.#........###.
♣@...#>...........
####..........#...
#..........#..#
###...........#
#............
#######...... ###..#..
#....... #...#...


You could see 2 orcs.

Vanquished Creatures
  Jessica (D:3)
  3 adders
  3 oozes
  3 worms (D:2)
  A dart slug (D:1)
  4 leopard geckos
  3 orcs
  A giant cockroach (D:1)
  11 goblins
  12 hobgoblins
  6 jackals
  A quokka (D:2)
  A ball python (D:3)
  7 bats
  4 frilled lizards
  13 kobolds
  7 rats
81 creatures vanquished.

Notes
Turn   | Place    | Note
-------+----------+-------------------------------------------
     0 | D:1      | KristoblXynda the Draconian Gladiator began the quest for the Orb.
     0 | D:1      | Reached XP level 1. HP: 17/17 MP: 1/1
   119 | D:1      | Reached XP level 2. HP: 18/24 MP: 2/2
   263 | D:1      | Reached XP level 3. HP: 28/29 MP: 3/3
   624 | D:2      | Reached skill level 4 in Long Blades
   722 | D:2      | Reached XP level 4. HP: 30/36 MP: 4/4
  1290 | D:3      | Noticed Jessica
  1320 | D:3      | Killed Jessica
  1330 | D:3      | Reached XP level 5. HP: 36/41 MP: 5/5
  1414 | D:3      | Found a shadowy altar of Dithmenos.
  1426 | D:3      | Reached skill level 5 in Long Blades
  1490 | D:3      | Mangled by an orc

Vault maps used:
D:1:      dpeg_arrival_boxes_within_box, minmay_octomino_e4
D:3:      lemuel_crystal_altar, serial_forest, infiniplex_forest_zigzag_1,
          infiniplex_forest_end_2, infiniplex_forest_lined_2,
          infiniplex_forest_lined_1, infiniplex_forest_end_2,
          infiniplex_forest_lined_3, minivault_4,
          nicolae_gozag_cash_rules_everything_around_me, uniq_ijyb, uniq_robin,
          uniq_jessica

Skill      XL: |  1  2  3  4  5 |
---------------+----------------+-----
Throwing       | 2 |  2.0
Dodging        | 3 |  3.7
Long Blades    | 4 5 |  5.0
Fighting       | |  2.1

Action                   |  1- 3 |  4- 6 || total
-------------------------+-------+-------++-------
Melee: Long sword        |    80 |   101 ||   181
       Tailslap          |    12 |    17 ||    29
  Eat: Chunk             |       |     2 ||     2
Armor: Skin              |    33 |    26 ||    59
Dodge: Dodged            |    81 |    75 ||   156
       Rpst.: Long sword |    27 |    20 ||    47

Table legend:
 A = Spawn XP
 B = Non-spawn XP
 C = Spawn XP percentage of total XP
 D = Spawn monster count
 E = Non-spawn monster count
 F = Spawn count percentage of total count
 G = Total turns spent on level
                    A         B        C        D         E        F      G
               +---------+---------+-------+---------+---------+-------+---------
         Total |       0 |     238 |   0.0 |       0 |      81 |   0.0 |  1490
               +---------+---------+-------+---------+---------+-------+---------
           D:1 |       0 |      54 |   0.0 |       0 |      26 |   0.0 |   599
           D:2 |       0 |      86 |   0.0 |       0 |      34 |   0.0 |   664
           D:3 |       0 |      98 |   0.0 |       0 |      21 |   0.0 |   227
               +---------+---------+-------+---------+---------+-------+---------
